 Dungeon Crawl Stone Soup version 0.24-a0-486-ged8816983f (webtiles) character file.

Game seed: 12706093535882079657

3245 KristoblXynda the Cleaver (level 9, -3/61 HPs)
             Began as a Demonspawn Gladiator on July 9, 2019.
             Was a Priest of Yredelemnul.
             Slain by a two-headed ogre
             ... wielding a +2 dire flail of pain
              (10 damage)
             ... on level 8 of the Dungeon.
             The game lasted 00:13:49 (8184 turns).

KristoblXynda the Cleaver (Demonspawn Gladiator)    Turns: 8184, Time: 00:13:49

Health: -3/61      AC: 12    Str: 18    XL:     9   Next: 67%
Magic:  12/12      EV: 16    Int: 10    God:    Yredelemnul [***...]
Gold:   424        SH:  0    Dex: 21    Spells: 8/8 levels left

rFire    . . .     SeeInvis +   a - +0 war axe
rCold    . . .     Gourm    .   (no shield)
rNeg     + . .     Faith    .   C - +0 chain mail
rPois    .         Spirit   .   c - +0 helmet
rElec    .         Reflect  .   (no cloak)
rCorr    .         Harm     .   (no gloves)
MR       .....                  u - +0 pair of boots
Stlth    ..........             (no amulet)
HPRegen  0.20/turn              v - ring of positive energy
MPRegen  0.13/turn              l - ring of see invisible

@: agile, about to teleport
A: hooves 2, thin skeletal structure 1, demonic guardian 1, powered by pain 2
a: Recall Undead Slaves, Injury Mirror, Animate Dead, Renounce Religion


You were on level 8 of the Dungeon.
You worshipped Yredelemnul.
Yredelemnul was most pleased with you.
You were not hungry.

You visited 2 branches of the dungeon, and saw 9 of its levels.

You collected 424 gold pieces.

Inventory:

Hand Weapons
 a - a +0 war axe (weapon)
 h - a +0 whip of flaming
Missiles
 d - 4 throwing nets (quivered)
Armour
 c - a +0 helmet (worn)
 s - a +0 buckler
 u - a +0 pair of boots (worn)
 C - a +0 chain mail (worn)
Jewellery
 l - a ring of see invisible (right hand)
 v - a ring of positive energy (left hand)
 D - an uncursed ring of stealth {unknown}
Wands
 m - a wand of disintegration (7)
 t - a wand of random effects (8)
 y - a wand of paralysis (2)
Scrolls
 e - a scroll of enchant weapon {unknown}
 g - a scroll of identify
 i - 5 scrolls of remove curse
 j - 3 scrolls of amnesia
 k - a scroll of noise {unknown}
 n - 3 scrolls of random uselessness {unknown}
 o - 3 scrolls of teleportation
 w - a scroll of fear {unknown}
Potions
 b - 2 potions of cancellation
 p - a potion of curing
 r - 2 potions of heal wounds
 x - 2 potions of haste
 z - 2 potions of brilliance
 B - a potion of magic
Comestibles
 f - 7 rations


   Skills:
 - Level 2.0 Fighting
 * Level 8.5 Axes
 - Level 2.0 Throwing
 + Level 5.3 Armour
 + Level 6.2 Dodging
 + Level 1.0 Shields
 - Level 5.0 Invocations
 + Level 3.9 Evocations


You had 8 spell levels left.
You didn't know any spells.
Your spell library was empty.

Dungeon Overview and Level Annotations

Branches:
Dungeon (8/15)             Temple (1/1) D:6
   Lair: D:8-11

Altars:
Ashenzari
Cheibriados
Dithmenos
Elyvilon
Fedhas
Gozag
Hepliaklqana
Kikubaaqudgha
Makhleb
Nemelex Xobeh
Okawaru
Qazlal
Ru
Sif Muna
Trog
Uskayaw
Vehumet
Wu Jian
Xom
Yredelemnul
Zin
The Shining One


Innate Abilities, Weirdness & Mutations

You have hoof-like feet.
You have a somewhat thin skeletal structure. (Dex +2, Stealth)
A weak demonic guardian rushes to your aid.
You sometimes gain power by taking damage.


Message History

The two-headed ogre barely misses you.
Unknown command.
What are your orders? t - Shout!
Orders for allies: a - Attack new target. p - Attack previous target. r - Retreat! s - Stop attacking. g - Guard the area. f - Follow me.
Anything else - Cancel.
Okay, then.
As you read the scroll labeled MOGELEU GAQOTH, it crumbles to dust.
You feel strangely unstable.
It was a scroll of teleportation.
The two-headed ogre barely misses you.
The two-headed ogre hits you with a cursed -3 giant spiked club!!
* * * LOW HITPOINT WARNING * * *
You focus on the pain.
You feel agile all of a sudden. The two-headed ogre closely misses you.
The two-headed ogre hits you with a cursed -3 giant spiked club!
You die...
Your body rises from the dead as a mindless zombie.

..
..........+...'.........
..........#####.......##
.....###+### #.......##
##+#####.#####
#.........
#...........###.........
#######.###.............
#.....#........##...
#...Ol#........##...
#.#@#.#.........#.##
#.#.#l#.......#.#.#
#.#.#.#.......#...#
#.#.#.#.########..##
#.#.#†#.# #.>..
#.#.#.#.# #####
#.#.#.#.#####
#.#.#.....#
##.#.#.#.###.#


You could see a two-headed ogre (invisible) and a wyvern.

Vanquished Creatures
  Pikel (D:5)
  A hippogriff (D:7)
  Sigmund (D:6)
  A shadow (D:8)
  A black bear (D:8)
  An orc warrior (D:8)
  A phantom (D:5)
  3 ogres
  2 centaurs
  2 scorpions (D:8)
  2 wights (D:6)
  A howler monkey (D:6)
  4 crimson imps
  A bullfrog zombie (D:6)
  3 hounds
  2 jellies
  4 orc priests
  A bullfrog skeleton (D:7)
  A centaur skeleton (D:7)
  2 orc wizards
  Ijyb (D:5)
  7 worker ants
  A statue (D:7)
  A killer bee zombie (D:7)
  2 worker ant zombies (D:7)
  7 adders
  A shadow imp (D:8)
  2 oozes
  2 adder skeletons
  An adder zombie (D:8)
  2 worms
  A dart slug (D:2)
  4 leopard geckos
  20 orcs
  6 giant cockroaches
  2 gnoll zombies (D:2)
  5 goblins
  A hobgoblin (D:3)
  7 jackals
  5 kobolds (D:1)
  3 quokkas
  8 bats
  2 frilled lizards
  A leopard gecko skeleton (D:4)
  A quokka zombie (D:6)
  3 rats
  3 fungi (D:7)
134 creatures vanquished.

Vanquished Creatures (collateral kills)
  A wyvern (D:8)
  A sky beast (D:7)
  An ogre (D:5)
  A centaur (D:5)
  A bullfrog (D:5)
  A scorpion (D:4)
  2 wights (D:6)
  2 crimson imps
  A bullfrog zombie (D:6)
  A hound (D:4)
  3 orc wizards
  3 orcs (D:5)
  A jackal (D:8)
19 creatures vanquished.

Grand Total: 153 creatures vanquished

Notes
Turn   | Place    | Note
-------+----------+-------------------------------------------
     0 | D:1      | KristoblXynda the Demonspawn Gladiator began the quest for
                  | the Orb.
     0 | D:1      | Reached XP level 1. HP: 16/16 MP: 1/1
   236 | D:1      | Reached skill level 3 in Axes
   251 | D:1      | Gained mutation: A weak demonic guardian rushes to your
                  | aid. [demonic ancestry]
   251 | D:1      | Reached XP level 2. HP: 22/22 MP: 2/2
   718 | D:2      | Gained mutation: You have large cloven feet. [demonic
                  | ancestry]
   718 | D:2      | Reached XP level 3. HP: 24/27 MP: 3/3
   826 | D:2      | Found a shadowy altar of Dithmenos.
   945 | D:2      | Reached skill level 1 in Armour
  1081 | D:2      | Found a basalt altar of Yredelemnul.
  1279 | D:2      | Became a worshipper of Yredelemnul the Dark
  1590 | D:3      | Reached XP level 4. HP: 31/33 MP: 4/4
  2030 | D:4      | Reached skill level 1 in Invocations
  2030 | D:4      | Reached skill level 4 in Axes
  2059 | D:4      | Gained mutation: You have a somewhat thin skeletal
                  | structure. (Dex +2, Stealth) [demonic ancestry]
  2059 | D:4      | Reached XP level 5. HP: 36/38 MP: 6/6
  2668 | D:5      | Entered Level 5 of the Dungeon
  2668 | D:5      | Noticed a phantom
  2688 | D:5      | Noticed a centaur
  2701 | D:5      | Killed a centaur
  2705 | D:5      | Noticed Ijyb
  3013 | D:5      | Gained mutation: You sometimes gain a little power by
                  | taking damage. [demonic ancestry]
  3013 | D:5      | Reached XP level 6. HP: 21/44 MP: 7/7
  3127 | D:5      | Reached * piety under Yredelemnul
  3406 | D:5      | Found an iron altar of Okawaru.
  3431 | D:5      | Found a glowing golden altar of the Shining One.
  3657 | D:5      | Reached skill level 5 in Axes
  3706 | D:5      | Reached XP level 7. HP: 45/50 MP: 9/9
  3758 | D:5      | Killed Ijyb
  3998 | D:5      | Found an ornate altar of the Wu Jian Council.
  4103 | D:5      | Noticed Pikel
  4127 | D:5      | Killed Pikel
  4127 | D:5      | Reached skill level 6 in Axes
  4127 | D:5      | Reached skill level 5 in Invocations
  4127 | D:5      | Gained mutation: You have hoof-like feet. [demonic
                  | ancestry]
  4127 | D:5      | Reached XP level 8. HP: 45/56 MP: 11/11
  4461 | D:6      | Reached skill level 5 in Dodging
  4464 | D:6      | Reached skill level 1 in Evocations
  4842 | D:6      | Found a staircase to the Ecumenical Temple.
  4891 | Temple   | Entered the Ecumenical Temple
  5149 | D:6      | Noticed Sigmund
  5153 | D:6      | Killed Sigmund
  5153 | D:6      | Reached skill level 7 in Axes
  5243 | D:6      | Found a white marble altar of Elyvilon.
  5338 | D:6      | Reached ** piety under Yredelemnul
  5805 | D:7      | Found a radiant altar of Vehumet.
  5926 | D:7      | Gained mutation: You sometimes gain power by taking damage.
                  | [demonic ancestry]
  5926 | D:7      | Reached XP level 9. HP: 58/61 MP: 12/12
  6219 | D:7      | Found a hazy altar of Hepliaklqana.
  6499 | D:8      | Reached skill level 8 in Axes
  6664 | D:8      | Reached skill level 5 in Armour
  6759 | D:8      | Found a basalt altar of Yredelemnul.
  7316 | D:8      | Reached *** piety under Yredelemnul
  7970 | D:8      | Found a sacrificial altar of Ru.
  8100 | D:8      | Noticed a two-headed ogre
  8130 | D:8      | Reached skill level 1 in Shields
  8184 | D:8      | Slain by a two-headed ogre

Levels and vault maps discovered:
D:1:      scummos_arrival_forest, layout_loops_ring, minmay_misc_feat_square
D:2:      layout_loops_ring, lemuel_zombie_altar_yredelemnul,
          nicolae_overflow_crystal_walls, first_ration
D:3:      layout_loops_ring
D:4:      layout_basic, grunt_decor_fettered, glass_columns_a,
          dk_noncrumbling_2, hangedman_decor_peaks_small, roderic_roman_lattice,
          corexii_leaking_fountain, chequers_arboretum
D:5:      layout_basic, okawaru_gym_becter, old_standard_altar, basic_altar,
          uniq_ijyb, uniq_pikel
D:6:      layout_basic, minmay_temple_entry_sparse_star,
          grunt_decor_mini_mirrors, elyvilon_altar_5, uniq_sigmund
D:7:      layout_cave_pools, vehumet_statue, lemuel_doored_altar, serial_park,
          serial_park_square3 [serial_park_minivault_5x5_6], serial_park_square3
          [serial_park_minivault_5x5_5], serial_park_tiny_2, serial_park_tiny_1,
          kennysheep_generic_room_11
D:8:      layout_basic, old_standard_altar, yredelemnul_altar_generic
Temple:   regret_index_temple_waves

Skill      XL: |  1  2  3  4  5  6  7  8  9 |
---------------+----------------------------+-----
Axes           | 3 4 5 6 7 8 |  8.5
Throwing       | 2 |  2.0
Dodging        | 3 4 5 6 |  6.2
Armour         | 1 2 3 4 5 |  5.3
Invocations    | 1 2 3 5 |  5.0
Evocations     | 2 3 |  3.9
Shields        | 1 |  1.0
Fighting       | |  2.0

Action                   |  1- 3 |  4- 6 |  7- 9 || total
-------------------------+-------+-------+-------++-------
Melee: War axe           |   135 |   142 |   316 ||   593
       Kick              |    14 |     1 |       ||    15
       Unarmed           |       |     1 |       ||     1
       Battleaxe         |       |       |    33 ||    33
Invok: Animate Remains   |       |       |     1 ||     1
Evoke: Wand              |       |       |    13 ||    13
  Use: Scroll            |       |     7 |     6 ||    13
       Potion            |       |       |     3 ||     3
 Stab: Distracted        |       |     4 |     2 ||     6
       Sleeping          |       |     1 |       ||     1
  Eat: Ration            |     1 |     1 |     1 ||     3
       Chunk             |       |     2 |    12 ||    14
Armor: Leather armour    |    68 |    26 |    69 ||   163
       Scale mail        |       |    28 |       ||    28
       Skin              |       |       |    17 ||    17
       Chain mail        |       |       |    42 ||    42
Dodge: Dodged            |   132 |   109 |   268 ||   509

Table legend:
 A = Non-vault XP
 B = Vault XP
 C = Vault XP percentage of total XP
 D = Non-vault monster count
 E = Vault monster count
 F = Vault count percentage of total count
                 A         B        C        D         E       F
            +---------+---------+-------+---------+---------+-------
      Total |    3626 |    1010 |  21.8 |     140 |      10 |   6.7
            +---------+---------+-------+---------+---------+-------
        D:1 |      35 |       0 |   0.0 |      18 |       0 |   0.0
        D:2 |      41 |       4 |   8.9 |       8 |       2 |  20.0
        D:3 |      26 |       0 |   0.0 |      11 |       0 |   0.0
        D:4 |     128 |       0 |   0.0 |       9 |       0 |   0.0
        D:5 |     746 |     699 |  48.4 |      31 |       2 |   6.1
        D:6 |     662 |     220 |  24.9 |      19 |       1 |   5.0
        D:7 |     607 |      87 |  12.5 |      11 |       5 |  31.2
        D:8 |    1381 |       0 |   0.0 |      33 |       0 |   0.0
            +---------+---------+-------+---------+---------+-------
